 Dungeon Crawl Stone Soup version 0.31-a0-145-g046c7d2549 (webtiles) character file.

Game seed: 16010525154723582329

1465 jlumianski the Ducker (level 9, 0/55 HPs)
             Began as a Djinni Fire Elementalist on June 7, 2023.
             Was an Initiate of Yredelemnul.
             Slain by Duvessa
             ... wielding a +0 short sword
              (6 damage)
             ... on level 5 of the Dungeon.
             The game lasted 00:42:01 (6054 turns).

jlumianski the Ducker (Djinni Fire Elementalist)    Turns: 6054, Time: 00:42:02

Health: 0/55       AC:  5    Str:  7    XL:     9   Next: 5%
Gold:   279        EV: 15    Int: 21    God:    Yredelemnul [......] SH:  0 Dex: 14

rFire   + + .        p - +0 dagger (drain)
rCold   x . .        (no shield)
rNeg    . . .        u - +2 robe {Will+}
rPois   ∞            y - +0 helmet
rElec   .            (no cloak)
rCorr   .            (no gloves)
SInv    .            (boots unavailable)
Will    ++...        A - amulet of faith
Stlth   +++          B - ring of willpower
HPRegen 0.29/turn    (no ring)
MPRegen 0.00/turn

%: faith, infuse magic (-1 HP)
@: about to teleport, flying
A: sickness immunity, fire resistance 2, cold vulnerability 1, float, innate
caster, HP casting, extra vitality 1
a: Renounce Religion, Recall Undead Harvest


You were on level 5 of the Dungeon.
You worshipped Yredelemnul.
Yredelemnul was noncommittal.
You visited 1 branch of the dungeon, and saw 6 of its levels.

You collected 279 gold pieces.

Inventory:

Hand Weapons
 d - a +0 dagger
 o - a +2 vampiric whip
 p - a +0 dagger of draining (weapon)
 w - the +4 mace "Oniewk" {heavy, rC++ Dex-3}
   (You found it on level 4 of the Dungeon)

   Dex:       It affects your dexterity (-3).
   rC:        It greatly protects you from cold.
Missiles
 m - 2 atropa-tipped darts
 s - 5 poisoned darts
 D - 5 boomerangs
Armour
 a - a +0 robe
 e - a +0 ring mail
 u - a +2 robe of willpower (worn)
 y - a +0 helmet (worn)
Jewellery
 A - an amulet of faith (around neck)
 B - a ring of willpower (left hand)
Wands
 r - a wand of acid (10)
 z - a wand of polymorph (14)
Scrolls
 f - a scroll of amnesia
 g - a scroll of teleportation
 k - 2 scrolls of vulnerability
 l - 2 scrolls of fear
 q - a scroll of fog
 t - a scroll of immolation {unknown}
 v - a scroll of enchant weapon {unknown}
 C - a scroll of summoning {unknown}
 E - a scroll of magic mapping {unknown}
Potions
 b - 2 potions of lignification {unknown}
 c - a potion of mutation
 h - a potion of brilliance {unknown}
 i - a potion of might {unknown}
 j - a potion of curing
 x - a potion of heal wounds {unknown}


   Skills:
 + Level 1.1 Maces & Flails
 + Level 6.9 Dodging
 + Level 5.3 Stealth
 + Level 5.5 Spellcasting
 + Level 5.5 Conjurations
 + Level 5.5 Hexes
 + Level 5.5 Summonings
 + Level 5.5 Necromancy
 + Level 5.5 Translocations
 + Level 5.5 Transmutations
 + Level 5.5 Fire Magic
 + Level 5.5 Ice Magic
 + Level 5.5 Air Magic
 + Level 5.5 Earth Magic
 + Level 5.5 Poison Magic


You knew the following spells:

 Your Spells              Type           Power      Damage    Failure   Level
a - Foxfire               Conj/Fire      100%       2x1d9     1%          1
b - Scorch                Fire           58%        2d7       1%          2
c - Volatile Blastmotes   Fire/Tloc      58%        2d14      3%          3
d - Inner Flame           Hex/Fire       29%        N/A       3%          3
e - Flame Wave            Conj/Fire      29%        2d9       11%         4
f - Slow                  Hex            100%       N/A       1%          1
g - Poisonous Vapours     Pois/Air       58%        N/A       1%          2
h - Swiftness             Air            29%        N/A       3%          3
i - Stone Arrow           Conj/Erth      58%        3d10      3%          3
Your spell library was empty.

Dungeon Overview and Level Annotations

Branches:
Dungeon (6/15)             Temple (0/1) D:5

Altars:
Dithmenos
Elyvilon
Fedhas
Nemelex Xobeh
Okawaru
Trog
Yredelemnul

Shops:
D:3 (

Annotations:
D:5 Duvessa
D:6 Pikel


Innate Abilities, Weirdness & Mutations

You are immune to sickness and miasma.
You are immune to poison.
Your flesh is very heat resistant. (rF++)
You are vulnerable to cold. (rC-)
You float through the air rather than walking.
You learn spells naturally, not from books.
Your magical power is your life essence.
You have superior vitality. (+4 MHP)


Message History

Your dart slug zombie explodes!
The fiery explosion engulfs Dowan!!!
You kill Dowan!
You hear a distant scream of rage.
The fiery explosion engulfs you. You resist.
You hear a shout!
You hear an angry growl.
Duvessa goes berserk!
Duvessa rages.
Duvessa hits you with a +0 short sword!
Casting: Inner Flame (dangerous; 3% risk of failure)
Confirm with . or Enter, or press ? or * to list all spells.
Flames lash Duvessa but do no damage.
Duvessa barely misses you.
Unknown command.
Casting: Scorch (safe; 1% risk of failure)
Confirm with . or Enter, or press ? or * to list all spells.
Flames lash Duvessa.
Duvessa is moderately wounded.
Duvessa's fire resistance burns away.
Duvessa barely misses you. Duvessa hits you with a +0 short sword!
Casting: Scorch (safe; 1% risk of failure)
Confirm with . or Enter, or press ? or * to list all spells.
Aiming: Poisonous Vapours (safe; 1% risk of failure)
Press: ? - help, Dir - move target, f - Duvessa
Aim: Duvessa, wielding a +0 short sword and wearing a +0 chain mail (moderately wounded, berserk, more vulnerable to fire) Poisonous vapours surround Duvessa!
Duvessa is poisoned.
Duvessa hits you with a +0 short sword!
* * * LOW HITPOINT WARNING * * *
Duvessa attacks as you move away! Duvessa closely misses you.
Duvessa hits you with a +0 short sword!
* * * LOW HITPOINT WARNING * * *
Okay, then.
You feel better. Duvessa closely misses you.
As you read the scroll of teleportation, it crumbles to dust.
You feel strangely unstable. Duvessa barely misses you. Duvessa misses you.
Duvessa is no longer more vulnerable to fire.
Duvessa hits you with a +0 short sword!
* * * LOW HITPOINT WARNING * * *
Duvessa attacks as you move away! Duvessa closely misses you.
Duvessa attacks as you move away! Duvessa hits you with a +0 short sword.
You die...
Your body rises from the dead as a mindless zombie.

......e.......##.........#.......
......h..................#.......
........########)#.#.[...#.......
...............#.#.......#.......
........########.# #.....#.......
#######.# ###.###.....#.......
#.# #................... #.#
#..e................ #.#
#..@....####........
#.######.......# #........
#.§............# #........
########.......# ##....#..
#.......# ####.#.. #.......#
#.### #.......# #..## #.......#
##... ###.##### #########


You could see Duvessa (berserk, poisoned).

Vanquished Creatures
  Sigmund (D:4)
  Menkaure (D:5)
  An orc warrior (D:4)
  2 black bears
  3 ogres (D:4)
  Blork the orc (D:4)
  A scorpion (D:5)
  Dowan (D:5)
  2 gnoll boudas
  A sleepcap (D:5)
  An iguana (D:4)
  3 orc wizards (D:3)
  Robin (D:4)
  7 gnolls
  2 adders
  A spectral worm (D:4)
  2 orc zombies (D:3)
  4 worms
  5 dart slugs
  8 orcs
  9 ball pythons
  10 endoplasms
  A giant cockroach (D:3)
  9 goblins
  4 hobgoblins
  3 jackals (D:4)
  9 kobolds
  2 quokkas
  A ball python zombie (D:3)
  10 bats
  A dart slug zombie (D:5)
  An endoplasm zombie (D:4)
  7 frilled lizards
  2 goblin zombies (D:4)
  2 jackal zombies (D:4)
  2 kobold zombies
  A quokka zombie (D:3)
  9 rats
  A rat zombie (D:3)
  A spectral hobgoblin (D:4)
133 creatures vanquished.

Vanquished Creatures (collateral kills)
  A bullfrog (D:4)
  A sleepcap (D:5)
  A jackal (D:4)
  A quokka (D:3)
4 creatures vanquished.

Vanquished Creatures (others)
  A gnoll zombie (D:4)
  An iguana zombie (D:4)
  A bat zombie (D:3)
  A hobgoblin zombie (D:4)
  2 endoplasm zombies (D:4)
  A goblin zombie (D:4)
  A kobold zombie (D:3)
  201 foxfires
209 creatures vanquished.

Grand Total: 346 creatures vanquished

Notes
Turn   | Place    | Note
-------+----------+-------------------------------------------
     0 | D:1      | jlumianski the Djinni Fire Elementalist began the quest for
                  | the Orb.
     0 | D:1      | jlumianski set off with the following spells memorised:
                  | Foxfire, Scorch, Volatile Blastmotes, Inner Flame, Flame
                  | Wave.
     0 | D:1      | Reached XP level 1. HP: 15/15 MP: 0/0
   106 | D:2      | Reached XP level 2. HP: 20/21 MP: 0/0
   178 | D:2      | Reached XP level 3. HP: 11/25 MP: 0/0
   178 | D:2      | Learned a level 1 spell: Slow
   366 | D:1      | Reached skill level 3 in Dodging
  1147 | D:2      | Reached XP level 4. HP: 26/31 MP: 0/0
  1266 | D:2      | Found a faded altar of an unknown god.
  1888 | D:2      | Reached XP level 5. HP: 29/35 MP: 0/0
  1888 | D:2      | Learned a level 2 spell: Poisonous Vapours
  1976 | D:3      | Found a basalt altar of Yredelemnul.
  2020 | D:3      | Became a worshipper of Yredelemnul the Dark
  2082 | D:3      | Found a bloodstained altar of Trog.
  2083 | D:3      | Found a shadowy altar of Dithmenos.
  2083 | D:3      | Found a white marble altar of Elyvilon.
  2084 | D:3      | Found an iron altar of Okawaru.
  2428 | D:3      | Found Zigi Pets's Weapon Emporium.
  2676 | D:3      | Reached skill level 4 in Dodging
  2763 | D:3      | Found a blossoming altar of Fedhas.
  2980 | D:3      | Reached XP level 6. HP: 40/40 MP: 0/0
  3236 | D:4      | Noticed an ogre
  3269 | D:4      | Killed an ogre
  3403 | D:4      | Reached skill level 1 in Maces & Flails
  3446 | D:4      | Reached * piety under Yredelemnul
  3446 | D:4      | Reached XP level 7. HP: 36/45 MP: 0/0
  3446 | D:4      | Learned a level 3 spell: Swiftness
  3520 | D:4      | Noticed Sigmund
  3537 | D:4      | Killed Sigmund
  3538 | D:4      | Reached skill level 5 in Dodging
  3603 | D:5      | Entered Level 5 of the Dungeon
  3823 | D:4      | Reached XP level 8. HP: 37/50 MP: 0/0
  3977 | D:4      | Noticed Blork the orc
  3996 | D:4      | Killed Blork the orc
  4043 | D:4      | Reached skill level 6 in Dodging
  4043 | D:4      | Reached skill level 5 in Stealth
  4197 | D:4      | Identified the +4 mace "Oniewk" {heavy, rC++ Dex-3}
  4236 | D:4      | Noticed Robin
  4266 | D:4      | Killed Robin
  4276 | D:4      | Your ally Robin died
  4730 | D:5      | Reached skill level 5 in Spellcasting
  4730 | D:5      | Reached skill level 5 in Conjurations
  4730 | D:5      | Reached skill level 5 in Hexes
  4730 | D:5      | Reached skill level 5 in Summonings
  4730 | D:5      | Reached skill level 5 in Necromancy
  4730 | D:5      | Reached skill level 5 in Translocations
  4730 | D:5      | Reached skill level 5 in Transmutations
  4730 | D:5      | Reached skill level 5 in Fire Magic
  4730 | D:5      | Reached skill level 5 in Ice Magic
  4730 | D:5      | Reached skill level 5 in Air Magic
  4730 | D:5      | Reached skill level 5 in Earth Magic
  4730 | D:5      | Reached skill level 5 in Poison Magic
  4774 | D:6      | Noticed Pikel
  4912 | D:5      | Noticed Dowan
  4981 | D:5      | Noticed Menkaure
  5059 | D:5      | Killed Menkaure
  5085 | D:5      | Reached XP level 9. HP: 28/55 MP: 0/0
  5085 | D:5      | Learned a level 3 spell: Stone Arrow
  5194 | D:5      | Found a staircase to the Ecumenical Temple.
  5310 | D:5      | Found a sparkling altar of Nemelex Xobeh.
  5360 | D:5      | Noticed Duvessa
  6015 | D:5      | Killed Dowan
  6054 | D:5      | Slain by Duvessa

Illustrated notes

Levels and vault maps discovered:
D:1:      ncdulo_lavacross, layout_loops_corners, solitary_fountain,
          minmay_lizard_pond
D:2:      layout_rooms, shapermc_ecumenical_altar_flowoftime
D:3:      minmay_chambers_of_threes, layout_basic, palyth_temple_overflow_mages,
          fedhas_altar_2, mainiacjoe_overflow_catwalk,
          chequers_temple_overflow_statue_of_worship, serial_shops, shop
D:4:      layout_basic, minmay_joined_circles, uniq_blork_the_orc, uniq_sigmund,
          uniq_robin
D:5:      layout_basic, mainiacjoe_overflow_six_doors_small,
          minmay_temple_entry_glass, uniq_duvessa, uniq_menkaure
D:6:      hangedman_cross_stitches, layout_cave_pools,
          mainiacjoe_overflow_alcove_4, kennysheep_little_box, serial_shops,
          nicolae_shop_stone, minmay_stone_trees_large, uniq_pikel

Skill      XL: |  1  2  3  4  5  6  7  8 |
---------------+-------------------------+-----
Spellcasting   | 4 5 |  5.5
Conjurations   | 4 5 |  5.5
Hexes          | 4 5 |  5.5
Summonings     | 4 5 |  5.5
Necromancy     | 4 5 |  5.5
Translocations | 4 5 |  5.5
Transmutations | 4 5 |  5.5
Fire Magic     | 4 5 |  5.5
Ice Magic      | 4 5 |  5.5
Air Magic      | 4 5 |  5.5
Earth Magic    | 4 5 |  5.5
Poison Magic   | 4 5 |  5.5
Stealth        | 2 3 4 5 |  5.3
Dodging        | 3 4 5 6 |  6.9
Maces & Flails | 1 |  1.1

Action                     |  1- 3 |  4- 6 |  7- 9 || total
---------------------------+-------+-------+-------++-------
  Melee: Unarmed           |     1 |       |       ||     1
         Dagger            |     3 |    36 |    34 ||    73
         Whip              |       |     3 |       ||     3
   Cast: Foxfire           |    31 |    55 |    27 ||   113
         Scorch            |     3 |    14 |    24 ||    41
         Slow              |     1 |       |       ||     1
         Poisonous Vapours |       |     4 |     9 ||    13
         Inner Flame       |       |     3 |    14 ||    17
         Volatile Blastmot |       |     2 |    13 ||    15
         Swiftness         |       |       |     3 ||     3
    Use: Scroll            |       |     1 |     6 ||     7
         Potion            |       |       |     2 ||     2
   Stab: Sleeping          |     1 |       |     2 ||     3
 Armour: Robe              |     1 |    13 |    18 ||    32
  Dodge: Dodged            |    12 |    42 |    58 ||   112

Table legend: (Time is in decaauts)
 A = Elapsed time spent in this place.
 B = Non-inter-level travel time spent in this place.
 C = Inter-level travel time spent in this place.
 D = Time resting spent in this place.
 E = Time spent auto-exploring this place.
 F = Levels seen in this place.
 G = Mean time per level.
                   A        B        C        D        E       F      G
               +--------+--------+--------+--------+--------+-----+--------+
         Total |   6061 |   5951 |    110 |    567 |   3347 |   6 | 1010.2 |
       Dungeon |   6061 |   5951 |    110 |    567 |   3347 |   6 | 1010.2 |
               +--------+--------+--------+--------+--------+-----+--------+

Top non-repeatable levels by time:
     D:4: 2026 daAuts
     D:3: 1302 daAuts
     D:1: 1126 daAuts
     D:5: 841 daAuts
     D:2: 763 daAuts
     D:6: 1 daAuts
